Workbook
Name año: #REF!
Name Category: #REF!
Name CORE_SF: '[2]ISO 22301 Auditor Checklist'!#REF!
Name Feriados: '[3]Días Festivos y Laborables'!$C$4:$C$65
Name Ref_2: [4]Diario!$F$6
Name Ref_2: [5]Diario!$F$6
Name Relación: OFFSET([6]!Ref.,1,0,COUNTA('[6]Gastos ingresos'!$B$1:$B$65536)-COUNTA('[6]Gastos ingresos'!$B$11:[6]!Ref.),1)
Name titulo_hoja_calculo: 'GASTOS PLANIFICADOS'!$J$2
Name Transaction: #REF!
Name Type: '[7]Maintenance Work Order'!#REF!
Name Type: #REF!
Name valuevx: 42.314159

Sheet DESCARGA DE RESPONSABILIDAD
B2: https://formatoescrito.com/
B3: Cualquier artículo, plantilla o información proporcionada por formatoescrito en el sitio web es solo para referencia y uso educactivo. Si bien nos esforzamos por mantener la información actualizada y correcta, no hacemos representaciones ni garantías de ningún tipo, expresas o implícitas, sobre la integridad, precisión, fiabilidad o disponibilidad con respecto al sitio web o la información, artículos, plantillas o gráficos relacionados contenidos en el sitio web. Por lo tanto, cualquier confianza que deposite en dicha información es estrictamente bajo su propio riesgo.

Sheet GASTOS PLANIFICADOS
A1: Plantilla Ejemplo Presupuesto de una Empresa
A3: GASTOS PLANIFICADOS
A4: Costos por empleado | B4: Ene | C4: Feb | D4: Mar | E4: Abr | F4: May | G4: Jun | H4: Jul | I4: Ago | J4: Sep | K4: Oct | L4: Nov | M4: Dic | N4: AÑO
A5: Salarios | B5: =RANDBETWEEN(50,100000) -> 25879 | C5: =RANDBETWEEN(50,100000) -> 22578 | D5: =RANDBETWEEN(50,100000) -> 71688 | E5: =RANDBETWEEN(50,100000) -> 20380 | F5: =RANDBETWEEN(50,100000) -> 77688 | G5: =RANDBETWEEN(50,100000) -> 91255 | H5: =RANDBETWEEN(50,100000) -> 47390 | I5: =RANDBETWEEN(50,100000) -> 187 | ... M5: =RANDBETWEEN(50,100000) -> 57658 | N5: =SUM(B5:M5) -> 645311
A6: Beneficios | B6: =RANDBETWEEN(50,100000) -> 92528 | C6: =C5*0.27 -> 6096.06 | D6: =D5*0.27 -> 19355.76 | E6: =E5*0.27 -> 5502.6 | F6: =F5*0.27 -> 20975.76 | G6: =G5*0.27 -> 24638.85 | H6: =H5*0.27 -> 12795.3 | I6: =I5*0.27 -> 50.49 | J6: =J5*0.27 -> 15852.78 | ... M6: =M5*0.27 -> 15567.66 | N6: =SUM(B6:M6) -> 259774.64
A7: Subtotal | B7: =SUBTOTAL(109,B5:B6) -> 118407 | C7: =SUBTOTAL(109,C5:C6) -> 28674.06 | D7: =SUBTOTAL(109,D5:D6) -> 91043.76 | E7: =SUBTOTAL(109,E5:E6) -> 25882.6 | F7: =SUBTOTAL(109,F5:F6) -> 98663.76 | G7: =SUBTOTAL(109,G5:G6) -> 115893.85 | H7: =SUBTOTAL(109,H5:H6) -> 60185.3 | I7: =SUBTOTAL(109,I5:I6) -> 237.49 | ... N7: =SUBTOTAL(109,N5:N6) -> 905085.64
A9: Costos de la oficina | B9: Ene | C9: Feb | D9: Mar | E9: Abr | F9: May | G9: Jun | H9: Jul | I9: Ago | J9: Sep | K9: Oct | L9: Nov | M9: Dic | N9: AÑO
A10: Alquiler de la oficina | B10: 9800 | C10: 9800 | D10: 9800 | E10: 9800 | F10: 9800 | G10: 9800 | H10: 9800 | I10: 9800 | J10: 9800 | K10: 9800 | L10: 9800 | M10: 9800 | N10: =SUM(B10:M10) -> 117600
A11: Gas | C11: 400 | D11: 400 | E11: 100 | F11: 100 | G11: 100 | H11: 100 | I11: 100 | J11: 100 | K11: 100 | L11: 400 | M11: 400 | N11: =SUM(B11:M11) -> 2300
A12: Electricidad | B12: 300 | C12: 300 | D12: 300 | E12: 300 | F12: 300 | G12: 300 | H12: 300 | I12: 300 | J12: 300 | K12: 300 | L12: 300 | M12: 300 | N12: =SUM(B12:M12) -> 3600
A13: Agua | B13: 40 | C13: 40 | D13: 40 | E13: 40 | F13: 40 | G13: 40 | H13: 40 | I13: 40 | J13: 40 | K13: 40 | L13: 40 | M13: 40 | N13: =SUM(B13:M13) -> 480
A14: Teléfono | B14: 250 | C14: 250 | D14: 250 | E14: 250 | F14: 250 | G14: 250 | H14: 250 | I14: 250 | J14: 250 | K14: 250 | L14: 250 | M14: 250 | N14: =SUM(B14:M14) -> 3000
A15: Acceso a Internet | B15: 180 | C15: 180 | D15: 180 | E15: 180 | F15: 180 | G15: 180 | H15: 180 | I15: 180 | J15: 180 | K15: 180 | L15: 180 | M15: 180 | N15: =SUM(B15:M15) -> 2160
A16: Material de oficina | B16: 200 | C16: 200 | D16: 200 | E16: 200 | F16: 200 | G16: 200 | H16: 200 | I16: 200 | J16: 200 | K16: 200 | L16: 200 | M16: 200 | N16: =SUM(B16:M16) -> 2400
A17: Seguridad | B17: 600 | C17: 600 | D17: 600 | E17: 600 | F17: 600 | G17: 600 | H17: 600 | I17: 600 | J17: 600 | K17: 600 | L17: 600 | M17: 600 | N17: =SUM(B17:M17) -> 7200
A18: Subtotal | B18: =SUBTOTAL(109,B10:B17) -> 11370 | C18: =SUBTOTAL(109,C10:C17) -> 11770 | D18: =SUBTOTAL(109,D10:D17) -> 11770 | E18: =SUBTOTAL(109,E10:E17) -> 11470 | F18: =SUBTOTAL(109,F10:F17) -> 11470 | G18: =SUBTOTAL(109,G10:G17) -> 11470 | H18: =SUBTOTAL(109,H10:H17) -> 11470 | I18: =SUBTOTAL(109,I10:I17) -> 11470 | ... N18: =SUBTOTAL(109,N10:N17) -> 138740
A20: Costos de marketing | B20: Ene | C20: Feb | D20: Mar | E20: Abr | F20: May | G20: Jun | H20: Jul | I20: Ago | J20: Sep | K20: Oct | L20: Nov | M20: Dic | N20: AÑO
A21: Hospedaje del sitio web | B21: 500 | C21: 500 | D21: 500 | E21: 500 | F21: 500 | G21: 500 | H21: 500 | I21: 500 | J21: 500 | K21: 500 | L21: 500 | M21: 500 | N21: =SUM(B21:M21) -> 6000
A22: Actualizaciones del sitio web | B22: 200 | C22: 200 | D22: 200 | E22: 200 | F22: 200 | G22: 1000 | H22: 200 | I22: 200 | J22: 200 | K22: 200 | L22: 200 | M22: 1000 | N22: =SUM(B22:M22) -> 4000
A23: Preparación de material | B23: 5000 | C23: 0 | D23: 0 | E23: 5000 | F23: 0 | G23: 0 | H23: 5000 | I23: 0 | J23: 0 | K23: 5000 | L23: 0 | M23: 0 | N23: =SUM(B23:M23) -> 20000
A24: Impresión de material | B24: 200 | C24: 200 | D24: 200 | E24: 200 | F24: 200 | G24: 200 | H24: 200 | I24: 200 | J24: 200 | K24: 200 | L24: 200 | M24: 200 | N24: =SUM(B24:M24) -> 2400
A25: Eventos de marketing | B25: 2000 | C25: 2000 | D25: 2000 | E25: 5000 | F25: 2000 | G25: 2000 | H25: 2000 | I25: 5000 | J25: 2000 | K25: 2000 | L25: 2000 | M25: 5000 | N25: =SUM(B25:M25) -> 33000
A26: Gastos varios | B26: 200 | C26: 200 | D26: 200 | E26: 200 | F26: 200 | G26: 200 | H26: 200 | I26: 200 | J26: 200 | K26: 200 | L26: 200 | M26: 200 | N26: =SUM(B26:M26) -> 2400
A27: Subtotal | B27: =SUBTOTAL(109,B21:B26) -> 8100 | C27: =SUBTOTAL(109,C21:C26) -> 3100 | D27: =SUBTOTAL(109,D21:D26) -> 3100 | E27: =SUBTOTAL(109,E21:E26) -> 11100 | F27: =SUBTOTAL(109,F21:F26) -> 3100 | G27: =SUBTOTAL(109,G21:G26) -> 3900 | H27: =SUBTOTAL(109,H21:H26) -> 8100 | I27: =SUBTOTAL(109,I21:I26) -> 6100 | ... N27: =SUBTOTAL(109,N21:N26) -> 67800
A29: Aprendizaje y viajes | B29: Ene | C29: Feb | D29: Mar | E29: Abr | F29: May | G29: Jun | H29: Jul | I29: Ago | J29: Sep | K29: Oct | L29: Nov | M29: Dic | N29: AÑO
A30: Cursos de aprendizaje | B30: 2000 | C30: 2000 | D30: 2000 | E30: 2000 | F30: 2000 | G30: 2000 | H30: 2000 | I30: 2000 | J30: 2000 | K30: 2000 | L30: 2000 | M30: 2000 | N30: =SUM(B30:M30) -> 24000
A31: Costos de viajes de aprendizaje | B31: 2000 | C31: 2000 | D31: 2000 | E31: 2000 | F31: 2000 | G31: 2000 | H31: 2000 | I31: 2000 | J31: 2000 | K31: 2000 | L31: 2000 | M31: 2000 | N31: =SUM(B31:M31) -> 24000
A32: Subtotal | B32: =SUBTOTAL(109,B30:B31) -> 4000 | C32: =SUBTOTAL(109,C30:C31) -> 4000 | D32: =SUBTOTAL(109,D30:D31) -> 4000 | E32: =SUBTOTAL(109,E30:E31) -> 4000 | F32: =SUBTOTAL(109,F30:F31) -> 4000 | G32: =SUBTOTAL(109,G30:G31) -> 4000 | H32: =SUBTOTAL(109,H30:H31) -> 4000 | I32: =SUBTOTAL(109,I30:I31) -> 4000 | ... N32: =SUBTOTAL(109,N30:N31) -> 48000
A34: TOTALES | B34: Ene | C34: Feb | D34: Mar | E34: Abr | F34: May | G34: Jun | H34: Jul | I34: Ago | J34: Sep | K34: Oct | L34: Nov | M34: Dic | N34: Año
A35: Gastos planificados TOTALES | B35: ='GASTOS PLANIFICADOS'!$B$32+'GASTOS PLANIFICADOS'!$B$27+'GASTOS PLANIFICADOS'!$B$18+'GASTOS PLANIFICADOS'!$B$7 -> 141877 | C35: ='GASTOS PLANIFICADOS'!$C$32+'GASTOS PLANIFICADOS'!$C$27+'GASTOS PLANIFICADOS'!$C$18+'GASTOS PLANIFICADOS'!$C$7 -> 47544.06 | D35: ='GASTOS PLANIFICADOS'!$D$32+'GASTOS PLANIFICADOS'!$D$27+'GASTOS PLANIFICADOS'!$D$18+'GASTOS PLANIFICADOS'!$D$7 -> 109913.76 | E35: ='GASTOS PLANIFICADOS'!$E$32+'GASTOS PLANIFICADOS'!$E$27+'GASTOS PLANIFICADOS'!$E$18+'GASTOS PLANIFICADOS'!$E$7 -> 52452.6 | F35: ='GASTOS PLANIFICADOS'!$F$32+'GASTOS PLANIFICADOS'!$F$27+'GASTOS PLANIFICADOS'!$F$18+'GASTOS PLANIFICADOS'!$F$7 -> 117233.76 | G35: ='GASTOS PLANIFICADOS'!$G$32+'GASTOS PLANIFICADOS'!$G$27+'GASTOS PLANIFICADOS'!$G$18+'GASTOS PLANIFICADOS'!$G$7 -> 135263.85 | H35: ='GASTOS PLANIFICADOS'!$H$32+'GASTOS PLANIFICADOS'!$H$27+'GASTOS PLANIFICADOS'!$H$18+'GASTOS PLANIFICADOS'!$H$7 -> 83755.3 | I35: ='GASTOS PLANIFICADOS'!$I$32+'GASTOS PLANIFICADOS'!$I$27+'GASTOS PLANIFICADOS'!$I$18+'GASTOS PLANIFICADOS'!$I$7 -> 21807.49 | J35: ='GASTOS PLANIFICADOS'!$J$32+'GASTOS PLANIFICADOS'!$J$27+'GASTOS PLANIFICADOS'!$J$18+'GASTOS PLANIFICADOS'!$J$7 -> 93136.78 | K35: ='GASTOS PLANIFICADOS'!$K$32+'GASTOS PLANIFICADOS'!$K$27+'GASTOS PLANIFICADOS'!$K$18+'GASTOS PLANIFICADOS'!$K$7 -> 150089.94 | L35: ='GASTOS PLANIFICADOS'!$L$32+'GASTOS PLANIFICADOS'!$L$27+'GASTOS PLANIFICADOS'!$L$18+'GASTOS PLANIFICADOS'!$L$7 -> 110655.44 | M35: ='GASTOS PLANIFICADOS'!$M$32+'GASTOS PLANIFICADOS'!$M$27+'GASTOS PLANIFICADOS'!$M$18+'GASTOS PLANIFICADOS'!$M$7 -> 95895.66 | N35: ='GASTOS PLANIFICADOS'!$N$32+'GASTOS PLANIFICADOS'!$N$27+'GASTOS PLANIFICADOS'!$N$18+'GASTOS PLANIFICADOS'!$N$7 -> 1159625.6
